 Dungeon Crawl Stone Soup version 0.19-a0-1008-g4c63d25 (webtiles) character file.

24 Implojin the Ruffian (level 2, -4/26 HPs)
             Began as a Minotaur Fighter on July 21, 2016.
             Slain by an ogre
             ... wielding a +0 giant spiked club
              (10 damage)
             ... in the Ecumenical Temple.
             The game lasted 00:01:55 (316 turns).

Implojin the Ruffian (Minotaur Fighter)              Turns: 316, Time: 00:01:56

Health: -4/26      AC:  6    Str: 25    XL:     2   Next: 79%
Magic:  1/1        EV:  7    Int:  5    God:
Gold:   0          SH:  9    Dex:  9    Spells: 0 memorised, 1 level left

rFire  . . .     SeeInvis .       - Unarmed
rCold  . . .     Gourm    .     a - +0 scale mail
rNeg   . . .     Faith    .     b - +0 shield
rPois  .         Spirit   .     (helmet restricted)
rElec  .         Dismiss  .     (no cloak)
rCorr  .         Reflect  .     (no gloves)
SustAt .         Harm     +     (no boots)
MR     .....                    e - amulet of harm
Stlth  ..........               (no ring)
                                (no ring)

@: mighty, not resistant to hostile enchantments, extremely unstealthy
A: retaliatory headbutt, horns 2
a: no special abilities


You were in the Ecumenical Temple.
You were not hungry.

You visited 2 branches of the dungeon, and saw 6 of its levels.

Inventory:

Armour
 a - a +0 scale mail (worn)
 b - a +0 shield (worn)
Jewellery
 e - an amulet of harm (around neck)
Scrolls
 f - 2 scrolls of identify {unknown}
Potions
 h - a potion of resistance {unknown}
 i - 2 potions of heal wounds {unknown}
Comestibles
 d - a bread ration
 g - a chunk of flesh


   Skills:
 - Level 3.6 Fighting
 - Level 3.6 Armour
 - Level 3.6 Shields
 * Level 3.7 Unarmed Combat


You had one spell level left.
You didn't know any spells.

Dungeon Overview and Level Annotations

Branches:
Dungeon (5/15)             Temple (1/1) D:5

Altars:


Innate Abilities, Weirdness & Mutations

You reflexively headbutt those who attack you in melee.
You have a pair of horns on your head.


Message History

There is a stone staircase leading up here.
Unknown command.
Unknown command.
An adder skeleton comes into view.
You hit the adder skeleton. The adder skeleton closely misses you.
You hit the adder skeleton. The adder skeleton bites you.
* * * LOW HITPOINT WARNING * * *
Unknown command.
You barely miss the adder skeleton. You headbutt the adder skeleton!
You destroy the adder skeleton!
Found a robe.
Found 8 gold pieces.
Found a staircase to the Ecumenical Temple.
An ogre comes into view. It is wielding a giant spiked club.
The ogre shouts!
Found 3 scrolls labeled XUSOEP DIRCH and a bread ration.
A crimson imp comes into view.
The crimson imp shouts!
You closely miss the crimson imp. Your headbutt misses the crimson imp.
The crimson imp blinks!
There is a staircase to the Ecumenical Temple here.
The ogre hits you with a giant spiked club!
* * * LOW HITPOINT WARNING * * *
The crimson imp blinks!
You climb downwards.
Welcome to the Ecumenical Temple!
There is a staircase back to the Dungeon here.
Unknown command.
Unknown command.
Okay, then.
You feel very mighty all of a sudden. You block the ogre's attack.
Unknown command.
You barely miss the ogre. You barely miss the ogre. You headbutt the ogre!
The ogre is heavily wounded.
The ogre barely misses you. You furiously retaliate!
You headbutt the ogre!
Your shield prevents you from hitting the ogre.
The ogre is almost dead.
The ogre hits you with a giant spiked club!
You die...

≈≈≈≈≈≈≈≈.P.................
≈≈≈≈≈≈≈≈........#######....
≈≈≈≈≈≈≈.....P.### ###..
≈≈≈≈≈.......### ###
≈≈≈≈≈......## #
≈≈≈≈.......+ ≈≈≈≈...<...+
≈≈≈≈.♣.....+ ≈≈≈≈......@##
# ≈≈≈≈≈≈.....O### ###
≈≈≈≈≈≈........### ###..
≈≈≈≈≈≈≈.........#######....
≈≈≈≈≈≈≈≈...PP..P.P...P.....
≈≈≈≈≈≈≈≈≈≈...............♣.
≈≈≈≈≈≈≈......P..........
≈≈≈≈≈≈≈≈≈...≈....≈..≈≈..
≈≈≈≈≈≈≈≈≈≈≈≈≈≈≈≈≈≈≈≈≈≈≈


You could see an ogre.

Vanquished Creatures
  An adder (D:3)
  An adder skeleton (D:5)
  A ball python (D:1)
  2 bats
  3 giant cockroaches
  3 kobolds (D:1)
  A rat (D:3)
12 creatures vanquished.

Notes
Turn   | Place    | Note
-------+----------+-------------------------------------------
     0 | D:1      | Implojin the Minotaur Fighter began the quest for the Orb.
     0 | D:1      | Reached XP level 1. HP: 19/19 MP: 0/0
   146 | D:1      | Reached skill level 3 in Unarmed Combat
   146 | D:1      | Reached XP level 2. HP: 14/26 MP: 1/1
   250 | D:5      | Entered Level 5 of the Dungeon
   260 | D:5      | Found a staircase to the Ecumenical Temple.
   263 | D:5      | Noticed an ogre
   264 | D:5      | Noticed a crimson imp
   268 | Temple   | Entered the Ecumenical Temple
   316 | Temple   | Slain by an ogre

Vault maps used:
D:1:      minmay_arrival_stair_chambers
D:2:      minmay_newt_pond, uniq_jessica, uniq_iyjb
D:3:      lemuel_doored_altar
D:4:      kennysheep_mini, first_bread
D:5:      led_sif_pool, glass_columns_c, uniq_grinder
Temple:   jpeg_temple_island

Skill      XL: |  1 |
---------------+----+-----
Unarmed Combat | 3 |  3.7
Fighting       | |  3.6
Armour         | |  3.6
Shields        | |  3.6

Action                   || total
-------------------------++-------
Melee: Unarmed           ||    63
       Headbutt          ||    12
  Use: Potion            ||     1
Armor: Scale mail        ||    26
Dodge: Dodged            ||    20
Block: Shield            ||    29

Table legend:
 A = Turns spent in this place as a percentage of turns spent in the entire game.
 B = Non-inter-level travel turns spent in this place as a percentage of non-inter-level travel turns spent in the entire game.
 C = Inter-level travel turns spent in this place as a percentage of turns spent in this place.
 D = Turns resting spent in this place as a percentage of non-inter-level travel turns spent in this place.
 E = Turns spent auto-exploring this place as a percentage of non-inter-level travel turns spent in this place.
 F = Non-inter-level travel turns spent in this place divided by the number of levels of this place that you've seen.
                   A       B       C       D       E      F
               +-------+-------+-------+-------+-------+----------------------
         Total | 100.0 | 100.0 |   0.0 |   0.0 |   0.0 |  53.8
       Dungeon |  83.9 |  83.9 |   0.0 |   0.0 |   0.0 |  54.2
        Temple |  16.1 |  16.1 |   0.0 |   0.0 |   0.0 |  52.0
               +-------+-------+-------+-------+-------+----------------------

Table legend:
 A = Kills in this place as a percentage of kills in entire the game.
 B = Kills by you in this place as a percentage of kills by you in the entire game.
 C = Kills by friends in this place as a percentage of kills by friends in the entire game.
 D = Other kills in this place as a percentage of other kills in the entire game.
 E = Experience gained in this place as a percentage of experience gained in the entire game.
 F = Experience gained in this place divided by the number of levels of this place that you have seen.
                   A       B       C       D       E      F
               +-------+-------+-------+-------+-------+----------------------
         Total | 100.0 | 100.0 |  -nan |  -nan | 100.0 |   5.8
       Dungeon | 100.0 | 100.0 |  -nan |  -nan | 100.0 |   7.0
               +-------+-------+-------+-------+-------+----------------------
